 Dungeon Crawl Stone Soup version 0.21.1-1-g345015f (webtiles) character file.

1869 manchovi the Basher (level 8, -2/64 HPs)
             Began as a Minotaur Berserker on June 12, 2018.
             Was a Priest of Trog.
             Slain by a centaur (6 damage)
             ... on level 7 of the Dungeon.
             The game lasted 01:02:38 (7227 turns).

manchovi the Basher (Minotaur Berserker)            Turns: 7227, Time: 01:02:39

Health: -2/64      AC:  8    Str: 24    XL:     8   Next: 90%
Magic:  7/7        EV: 11    Int:  4    God:    Trog [***...]
Gold:   343        SH:  0    Dex: 10    Spells: 7/7 levels left

rFire    . . .     SeeInvis +   h - +3 mace
rCold    . . .     Gourm    .   (no shield)
rNeg     . . .     Faith    .   g - +0 ring mail
rPois    .         Spirit   .   (helmet restricted)
rElec    .         Reflect  .   (no cloak)
rCorr    .         Harm     .   p - +1 pair of gloves
MR       .....                  q - +0 pair of boots
Stlth    +.........             (no amulet)
HPRegen  0.20/turn              r - ring of see invisible
MPRegen  0.10/turn              (no ring)

@: no status effects
A: retaliatory headbutt, horns 2
a: Berserk, Trog's Hand, Burn Spellbooks, Renounce Religion


You were on level 7 of the Dungeon.
You worshipped Trog.
Trog was most pleased with you.
You were not hungry.

You visited 1 branch of the dungeon, and saw 7 of its levels.

You collected 343 gold pieces.

Inventory:

Hand Weapons
 a - a +0 mace
 h - a +3 mace (weapon)
 i - a +0 hunting sling
Missiles
 o - 65 stones (quivered)
Armour
 g - a +0 ring mail (worn)
 p - a +1 pair of gloves (worn)
 q - a +0 pair of boots (worn)
Jewellery
 r - a ring of see invisible (left hand)
Wands
 s - a wand of digging (9)
 v - a wand of acid (5)
Scrolls
 b - 2 scrolls of blinking {unknown}
 e - a scroll of remove curse
 j - a scroll of fear
 l - a scroll of fog
 n - 3 scrolls of teleportation
 u - a scroll of identify
Potions
 d - 3 potions of curing
 f - a potion of flight
 k - 2 potions of invisibility
 m - a potion of magic
 t - 2 potions of brilliance
Comestibles
 c - 9 rations
 w - a chunk of flesh


   Skills:
 - Level 3.6 Fighting
 * Level 13.6 Maces & Flails
 - Level 2.4 Armour
 - Level 2.1 Dodging
 - Level 0.2 Stealth


You had 7 spell levels left.
You didn't know any spells.

Dungeon Overview and Level Annotations

Branches:
Dungeon (7/15)             Temple (0/1) D:4

Altars:
Nemelex Xobeh
Ru
Xom

Shops:
D:5 (

Annotations:
D:7 Menkaure


Innate Abilities, Weirdness & Mutations

You reflexively headbutt those who attack you in melee.
You have a pair of horns on your head.


Message History

The centaur shouts!
The shadow imp barely misses you.
You closely miss the shadow imp. Your headbutt misses the shadow imp.
You barely miss the shadow imp.
You kill the shadow imp!
Trog accepts your kill.
Something completely misses your black bear.
Something hits your black bear. Something hits your black bear.
Menkaure calls on the powers of darkness!
Your body is wracked with pain!
Something hits your black bear.
Menkaure grins.
Menkaure hits you! The centaur hits you.
* * * LOW HITPOINT WARNING * * *
Menkaure hits you!
* * * LOW HITPOINT WARNING * * *
You hit Menkaure.
Menkaure is moderately damaged.
The centaur hits you.
You die...

#..##?#....... #
##..##.#....... #.
###.............. #..
............##.##
###..####..###.#..##...
..................##.##
.###..#.##.$............
........h...............
.##..#@##.####.#..##.##
#...Mc...............
##..Z.#.######..#####
...._....# #....
#........... ..##
#.........##. .#
#....⌠....# #..........


You could see Menkaure, a centaur, a killer bee zombie and a friendly black bear
(berserk).

Vanquished Creatures
  Grinder (D:6)
  A hippogriff (D:7)
  A hungry ghost (D:7)
  An ice beast (D:5)
  2 ogres
  2 centaurs (D:5)
  A bullfrog (D:4)
  A scorpion (D:6)
  3 orc priests
  A hound (D:5)
  4 jellies
  A centaur skeleton (D:5)
  6 orc wizards
  3 worker ants
  7 adders
  6 gnolls
  2 shadow imps
  10 oozes
  An adder zombie (D:5)
  An adder skeleton (D:7)
  A worm (D:2)
  A dart slug (D:2)
  A leopard gecko (D:1)
  15 orcs
  8 giant cockroaches
  10 goblins
  10 hobgoblins
  10 jackals
  19 kobolds
  A quokka (D:5)
  3 ball pythons
  13 bats
  6 frilled lizards
  A leopard gecko zombie (D:5)
  A quokka skeleton (D:5)
  11 rats
  3 fungi (D:2)
169 creatures vanquished.

Vanquished Creatures (collateral kills)
  A phantom (D:6)
  A hound (D:6)
  A worker ant zombie (D:6)
3 creatures vanquished.

Vanquished Creatures (others)
  5 fungi (D:2)
  9 toadstools (D:2)
14 creatures vanquished.

Grand Total: 186 creatures vanquished

Notes
Turn   | Place    | Note
-------+----------+-------------------------------------------
     0 | D:1      | manchovi the Minotaur Berserker began the quest for the Orb.
     0 | D:1      | Reached XP level 1. HP: 19/19 MP: 0/0
    13 | D:1      | Reached skill level 4 in Maces & Flails
    68 | D:1      | Reached XP level 2. HP: 26/26 MP: 1/1
   372 | D:1      | Reached skill level 5 in Maces & Flails
   446 | D:1      | Reached XP level 3. HP: 31/31 MP: 2/2
  1029 | D:2      | Reached ** piety under Trog
  1169 | D:2      | Reached XP level 4. HP: 39/39 MP: 3/3
  1354 | D:2      | Reached skill level 6 in Maces & Flails
  2032 | D:2      | Reached *** piety under Trog
  2125 | D:2      | Reached XP level 5. HP: 45/45 MP: 4/4
  2266 | D:2      | Reached skill level 7 in Maces & Flails
  2652 | D:2      | Reached skill level 8 in Maces & Flails
  2829 | D:3      | Reached XP level 6. HP: 40/51 MP: 5/5
  3722 | D:4      | Reached skill level 9 in Maces & Flails
  3952 | D:4      | Reached **** piety under Trog
  3991 | D:4      | Found a staircase to the Ecumenical Temple.
  4026 | D:4      | Reached XP level 7. HP: 32/57 MP: 6/6
  4352 | D:5      | Entered Level 5 of the Dungeon
  4392 | D:5      | Found Ether's Weapon Shoppe.
  4427 | D:5      | Reached skill level 10 in Maces & Flails
  4708 | D:5      | Reached skill level 11 in Maces & Flails
  5404 | D:5      | Reached XP level 8. HP: 51/64 MP: 7/7
  5568 | D:5      | Found a sparkling altar of Nemelex Xobeh.
  5833 | D:6      | Noticed Grinder
  6020 | D:6      | Killed Grinder
  6020 | D:6      | Reached skill level 12 in Maces & Flails
  6110 | D:6      | Found a sacrificial altar of Ru.
  6167 | D:6      | Found a sacrificial altar of Ru.
  6989 | D:7      | Reached skill level 13 in Maces & Flails
  7076 | D:7      | Noticed a hippogriff
  7086 | D:7      | Killed a hippogriff
  7216 | D:7      | Found a shimmering altar of Xom.
  7218 | D:7      | Noticed Menkaure
  7227 | D:7      | Slain by a centaur

Skill      XL: |  1  2  3  4  5  6  7  8 |
---------------+-------------------------+-----
Maces & Flails | 4 5 6 8 9 11 13 | 13.6
Fighting       | |  3.6
Armour         | |  2.4
Dodging        | |  2.1
Stealth        | |  0.2

Action                   |  1- 3 |  4- 6 |  7- 9 || total
-------------------------+-------+-------+-------++-------
Melee: Mace              |    94 |   196 |   147 ||   437
       Headbutt          |    10 |    31 |    20 ||    61
Throw: Stone             |       |     4 |     6 ||    10
Invok: Berserk           |     2 |     8 |     2 ||    12
       Burn Spellbooks   |       |       |     1 ||     1
       Brothers in Arms  |       |       |     3 ||     3
  Use: Scroll            |       |     4 |    11 ||    15
       Potion            |       |       |     1 ||     1
  Eat: Chunk             |     3 |     8 |     4 ||    15
       Ration            |       |     3 |     3 ||     6
Armor: Animal skin       |     6 |       |       ||     6
       Ring mail         |     8 |    68 |    52 ||   128
       Chain mail        |       |     1 |       ||     1
Dodge: Dodged            |    57 |   103 |    67 ||   227
